 Dungeon Crawl Stone Soup version 0.30-a0-347-gf58ed5266c (webtiles) character file.

Game seed: 2805893456704050377

46 themarg the Ducker (level 3, 0/29 HPs)
             Began as a Merfolk Gladiator on Nov 6, 2022.
             Frozen to death by an endoplasm (1 damage)
             ... on level 2 of the Dungeon.
             The game lasted 00:04:06 (771 turns).

themarg the Ducker (Merfolk Gladiator)               Turns: 771, Time: 00:04:07

Health: 0/29       AC: 10    Str: 16    XL:     3   Next: 66%
Magic:  3/3        EV: 12    Int:  7    God:
Gold:   75         SH:  0    Dex: 15    Spells: 2/2 levels left

rFire   + . .      SeeInvis .    a - +0 trident
rCold   + . .      Faith    .    (no shield)
rNeg    . . .      Spirit   .    k - +0 ring mail
rPois   +          Reflect  .    c - +0 helmet
rElec   +          Harm     .    b - scarf {+Inv}
rCorr   +          Rampage  .    l - +0 pair of gloves
Will    .....                    j - +2 pair of boots
Stlth   +.........               (no amulet)
HPRegen 0.24/turn                (no ring)
MPRegen 0.08/turn                (no ring)

@: resistant, weak-willed
A: (nimble swimmer 2), mertail
a: Evoke Invisibility


You were on level 2 of the Dungeon.
You visited 1 branch of the dungeon, and saw 2 of its levels.

You collected 75 gold pieces.

Inventory:

Hand Weapons
 a - a +0 trident (weapon)
Missiles
 d - 3 throwing nets (quivered)
 e - a javelin
 h - 9 stones
Armour
 b - a scarf of invisibility (worn)
 c - a +0 helmet (worn)
 j - a +2 pair of boots (worn)
 k - a +0 ring mail (worn)
 l - a +0 pair of gloves (worn)
Scrolls
 f - a scroll of magic mapping {unknown}
 i - a scroll of vulnerability
 n - a scroll of fear {unknown}
 o - a scroll of identify {unknown}
Potions
 m - a potion of haste {unknown}


   Skills:
 + Level 3.0 Fighting
 - Level 4.0 Polearms
 + Level 2.7 Throwing
 - Level 4.0 Dodging
 + Level 2.0 Stealth


You had 2 spell levels left.
You didn't know any spells.
Your spell library was empty.

Dungeon Overview and Level Annotations

Branches:
Dungeon (2/15)

Altars:


Innate Abilities, Weirdness & Mutations

((You are very nimble when in or above water. (Stealth+, EV+, Speed+++)))
Your lower body shifts to a powerful aquatic tail in water.


Message History

You are frozen.
The gnoll closely misses you.
You barely miss the bat. The bat barely misses you.
The gnoll closely misses you. x2
The endoplasm freezes you.
You are frozen.
The bat hits you but does no damage. The endoplasm freezes you.
You are frozen.
* * * LOW HITPOINT WARNING * * *
You hit the gnoll.
The gnoll is almost dead.
The bat barely misses you. The bat hits you but does no damage.
The gnoll barely misses you.
The endoplasm hits you but does no damage.
You hit the gnoll.
You kill the gnoll!
The bat misses you.
The endoplasm hits you but does no damage.
Your Fighting skill increases to level 3!
Your Stealth skill increases to level 2!
You hit the gnoll but do no damage. The bat barely misses you.
The endoplasm hits you but does no damage.
The gnoll hits you with a +0 club.
* * * LOW HITPOINT WARNING * * *
It was a potion of resistance.
You feel protected. The bat barely misses you. The bat misses you.
The endoplasm misses you. The gnoll closely misses you.
You puncture the gnoll!
The gnoll is severely wounded.
The bat barely misses you. The gnoll barely misses you. The endoplasm hits you.
* * * LOW HITPOINT WARNING * * *
You closely miss the gnoll.
The gnoll is severely wounded.
The bat barely misses you. The bat hits you but does no damage.
The gnoll hits you with a +0 club.
* * * LOW HITPOINT WARNING * * *
The endoplasm freezes you.
You are frozen.
You resist.
You die...

#........ .........
#.:...... #..g.....
#..g..... ##.## #...#
#.Jg# #..@#######
#####...b.....#
##...<.......#.##.#..
.....................
##...........#).#.#..
#####†..#####.## #.#
#)..)....## ..#
#...#####.# ..# #..>#


You could see a gnoll (weak-willed), an endoplasm (weak-willed) and a bat
(weak-willed).

Vanquished Creatures
  2 gnolls (D:2)
  2 ball pythons (D:1)
  A bat (D:1)
  3 endoplasms (D:1)
  A giant cockroach (D:1)
  4 goblins (D:1)
  3 hobgoblins (D:1)
  2 kobolds
  A quokka (D:2)
  2 frilled lizards (D:1)
  4 rats (D:1)
25 creatures vanquished.

Notes
Turn   | Place    | Note
-------+----------+-------------------------------------------
     0 | D:1      | themarg the Merfolk Gladiator began the quest for the Orb.
     0 | D:1      | Reached XP level 1. HP: 16/16 MP: 1/1
   145 | D:1      | Reached skill level 1 in Stealth
   145 | D:1      | Reached XP level 2. HP: 23/23 MP: 2/2
   485 | D:1      | Reached XP level 3. HP: 28/28 MP: 3/3
   771 | D:2      | HP: 1/29 [gnoll/+0 club (1)]
   771 | D:2      | Frozen to death by an endoplasm

Illustrated notes

Levels and vault maps discovered:
D:1:      spicycebolla_green_bress_n_ham, layout_basic,
          chequers_serial_rivers_marsh
D:2:      layout_loops_cross, uniq_jessica

Skill      XL: |  1  2  3 |
---------------+----------+-----
Stealth        | 1 2 |  2.0
Fighting       | 3 |  3.0
Polearms       | |  4.0
Throwing       | |  2.7
Dodging        | |  4.0

Action                   || total
-------------------------++-------
Melee: Trident           ||    80
  Use: Scroll            ||     1
       Potion            ||     1
 Stab: Sleeping          ||     4
Armor: Leather armour    ||    10
       Ring mail         ||    28
Dodge: Dodged            ||    49

Table legend: (Time is in decaauts)
 A = Elapsed time spent in this place.
 B = Non-inter-level travel time spent in this place.
 C = Inter-level travel time spent in this place.
 D = Time resting spent in this place.
 E = Time spent auto-exploring this place.
 F = Levels seen in this place.
 G = Mean time per level.
                   A        B        C        D        E       F      G
               +--------+--------+--------+--------+--------+-----+--------+
         Total |    772 |    760 |     12 |     20 |    500 |   2 |  386.0 |
       Dungeon |    772 |    760 |     12 |     20 |    500 |   2 |  386.0 |
               +--------+--------+--------+--------+--------+-----+--------+

Top non-repeatable levels by time:
     D:1: 617 daAuts
     D:2: 155 daAuts
